 Dungeon Crawl Stone Soup version 0.16-a0-4092-gb8933cd (webtiles) character file.

95740 Sixotanaka the Spry (level 15, -4/133 HPs)
             Began as a Troll Warper on Feb 23, 2015.
             Was the Champion of Cheibriados.
             Shot with an arrow by Vashnia (16 damage)
             ... on level 2 of the Snake Pit on Feb 24, 2015.
             The game lasted 01:30:19 (26458 turns).

Sixotanaka the Spry (Troll Warper)                 Turns: 26458, Time: 01:30:19

Health: -4/133     AC: 20    Str: 41    XL:     15   Next: 67%
Magic:  12/22      EV: 23    Int: 24    God:    Cheibriados [******]
Gold:   1930       SH:  0    Dex: 26    Spells: 5 memorised, 2 levels left

rFire  + + .     SeeInvis .       - Unarmed
rCold  x . .     Clarity  .     h - +2 fire dragon armour
rNeg   + . .     SustAb   .     (shield restricted)
rPois  .         Gourm    +     (helmet restricted)
rElec  .         Spirit   .     O - +1 cloak
rCorr  .         Warding  +     (gloves unavailable)
rMut   .         Stasis   .     (boots unavailable)
MR     +....                    K - amulet of warding (curse)
Stlth  ..........               y - +2 ring of slaying
                                B - +2 ring of protection

@: lethally poisoned (-4 -> -7), very slightly contaminated, studying Axes,
invisible, very slow, somewhat resistant to hostile enchantments, extremely
unstealthy
A: unfitting armour, claws 3, fast metabolism 3, gourmand, regeneration 2,
shaggy fur 1, tough skin 2
a: Bend Time, Temporal Distortion, Slouch, Step From Time, Renounce Religion


You were on level 2 of the Snake Pit.
You worshipped Cheibriados.
Cheibriados was exalted by your worship.
You were not hungry.

You visited 5 branches of the dungeon, and saw 30 of its levels.

You collected 2634 gold pieces.
You spent 704 gold pieces at shops.


Innate Abilities, Weirdness & Mutations

You are too large for most types of armour.
You have claws for hands.
Your metabolism is lightning-fast.
You like to eat raw meat.
You heal very quickly.
You are covered in fur (AC +1).
You have very tough skin (AC +2).


   Skills:
 - Level 5.0 Fighting
 - Level 8.0 Throwing
 + Level 8.4 Armour
 - Level 15.1 Dodging
 - Level 14.0 Unarmed Combat
 - Level 1.2 Spellcasting
 - Level 2.1 Translocations
 - Level 8.2 Invocations
 - Level 0.2 Evocations


You had 2 spell levels left.
You knew the following spells:

 Your Spells              Type           Power        Failure   Level  Hunger
a - Shroud of Golubria    Chrm/Tloc      #.........   24%         2    ###....
b - Blink                 Tloc           N/A          14%         2    ###....
e - Apportation           Tloc           ##........   10%         1    #......
y - Passage of Golubria   Tloc           N/A          85%         4    #####..
A - Phase Shift           Tloc           ##........   99%         5    ######.


Dungeon Overview and Level Annotations

Branches:
Dungeon (15/15)            Temple (1/1) D:7            Lair (8/8) D:8
  Swamp (0/5) Lair:5        Snake (2/5) Lair:4        Slime (0/6) Lair:7
    Orc (4/4) D:9             Elf (0/3) Orc:4        Vaults (0/5) D:14
 Depths (0/5) D:15

Altars:
Ashenzari
Cheibriados
Dithmenos
Gozag
Makhleb
Nemelex Xobeh
Okawaru
Qazlal
Ru
Sif Muna
Trog
Vehumet
Zin
The Shining One
Jiyva

Shops:
D:4 :[(*   D:5 %   D:9 (   D:11 (   Orc:4 %!%%

Portals:
Trove: D:13 (give 21 scrolls of identify)

Annotations:
D:12 Sonja
Lair:3 exclusion: oklob plant
Lair:7 1 runed door
Snake:2 Vashnia

Inventory:

Hand weapons
 P - a +0 blowgun
Missiles
 m - 4 throwing nets
 r - 87 poisoned needles
 H - 6 needles of paralysis
 I - 11 curare-tipped needles
 U - 17 large rocks (quivered)
 V - 4 needles of slowing
Armour
 h - a +2 fire dragon armour (worn)
 O - a +1 cloak (worn)
Jewellery
 g - a cursed ring of ice
 i - an uncursed ring of sustain abilities
 y - a +2 ring of slaying (right claw)
 z - an uncursed amulet of guardian spirit {unknown}
 B - a +2 ring of protection (left claw)
 C - an uncursed ring of flight
 K - a cursed amulet of warding (around neck)
 M - an uncursed ring of positive energy
Magical devices
 b - a wand of teleportation (2) {@v4}
 D - a wand of fire (8)
 T - a wand of lightning (6)
 Y - a wand of digging (4)
 Z - a wand of draining (0)
Scrolls
 c - 2 scrolls of fog
 d - 4 scrolls of blinking
 q - 5 scrolls of teleportation {@r4}
 t - 14 scrolls of remove curse {@r2}
 F - 4 scrolls of recharging
 G - a scroll of fear
 J - 6 scrolls of magic mapping
 R - a scroll of immolation {!r}
 X - a scroll of identify {@r1}
Potions
 f - 5 potions of agility
 k - 8 potions of heal wounds {@q2}
 l - 2 potions of resistance
 n - 4 potions of brilliance
 o - 2 potions of invisibility
 p - 3 potions of might
 s - 4 potions of restore abilities
 v - 18 potions of curing {@q1}
 x - a potion of magic {unknown}
 E - a potion of cancellation
 L - 2 potions of flight {unknown}
 N - 2 potions of lignification {unknown}
 Q - 2 potions of cure mutation
 W - 2 potions of ambrosia {unknown}
Books
 w - a manual of Axes {!d}
Miscellaneous
 e - a phial of floods
Comestibles
 a - 19 meat rations
 j - 10 beef jerkies
 u - 9 bread rations
 A - 18 fruits
 S - 10 slices of pizza

..........##
...........##
...........##
...........##
...(........##
....(.........#
........(.....##
........NN)....#
........((#@...##
#......N(###....#
.#......(# #....#
#........#
##....# .........
....# .........#
#.>.# #......N..
...# ####.....#
...# ###...# ....


You could see Vashnia and a naga sharpshooter.


Message History

The naga sharpshooter spits poison at you.
The splash of poison misses you.
The naga sharpshooter unwields an uncursed dire flail.
The naga sharpshooter wields a longbow.
The naga sharpshooter shoots an arrow.
The arrow barely misses you.
The naga sharpshooter shoots a bolt.
The bolt misses you.
You see here an arrow.
The naga sharpshooter casts a spell.
The naga sharpshooter magically shoots a bolt.
The bolt hits you! The naga spits poison at you.
The splash of poison misses you.
The naga sharpshooter casts a spell.
The naga sharpshooter magically shoots a bolt.
The bolt hits you!!
You see here 4 bolts.
Unknown command.
Found a stone staircase leading down.
You miscast Shroud of Golubria.
You are very lightly contaminated with residual magic.
Your skin glows momentarily.
A naga is nearby!
The naga spits poison at you. The splash of poison misses you.
You claw the naga sharpshooter!
The naga sharpshooter begins to bleed from its wounds!
You mangle the naga sharpshooter!! You claw the naga sharpshooter!!
The naga sharpshooter spits poison at you.
The splash of poison hits you!
You are poisoned.
You mangle the naga sharpshooter!!
You kill the naga sharpshooter!
Cheibriados appreciates the change of pace.
You feel sick. Vashnia spits poison at you. The splash of poison hits you!
You are more poisoned.
Unknown command.
You throw a large rock. The large rock closely misses Vashnia.
The large rock barely misses the naga.
The naga sharpshooter mumbles some strange words.
The naga sharpshooter magically shoots a bolt.
The bolt hits you!
Vashnia shoots an arrow.
The arrow closely misses you.
You throw a large rock. The large rock misses Vashnia.
You feel sick.
The naga sharpshooter casts a spell.
The naga sharpshooter magically shoots a bolt.
The bolt hits you!
* * * LOW HITPOINT WARNING * * *
You can feel time thicken for a moment.
You feel somewhat more hungry.
You feel sick. Vashnia spits poison at you. The splash of poison hits you!
You are more poisoned.
* * * LOW HITPOINT WARNING * * *
A shock serpent comes into view.
The shock serpent hisses angrily.
You can feel time thicken for a moment.
You feel somewhat more hungry.
The shock serpent's electric aura discharges violently!
You feel sick.
The shock serpent moves out of view.
Vashnia shoots an arrow.
The arrow hits you!!
* * * LOW HITPOINT WARNING * * *
The arrow burns you.
* * * LOW HITPOINT WARNING * * *
You hear a shout!
Drink which item? (? for menu, Esc to quit)
You fade into invisibility!
You feel sick.
Vashnia says to her squad, "Do not let the Troll escape!"
Vashnia shoots an arrow.
The arrow hits you!
You die...

Action                   |  1- 3 |  4- 6 |  7- 9 | 10-12 | 13-15 || total
-------------------------+-------+-------+-------+-------+-------++-------
Melee: Unarmed           |   100 |   152 |   434 |   608 |  1324 ||  2618
Throw: Stone             |       |     2 |    21 |    36 |    45 ||   104
       Large rock        |       |       |       |       |    39 ||    39
       Tomahawk          |       |       |       |       |     3 ||     3
       Throwing net      |       |       |       |       |     1 ||     1
 Cast: Apportation       |       |       |       |     2 |       ||     2
       Shroud of Golubri |       |       |       |     1 |     1 ||     2
       Blink             |       |       |       |       |     5 ||     5
Invok: Slouch            |       |       |       |     8 |    22 ||    30
Evoke: Wand              |       |       |       |    11 |    13 ||    24
       Phial of floods   |       |       |       |       |     1 ||     1
  Use: Scroll            |       |     8 |     9 |    16 |     9 ||    42
       Potion            |       |       |     1 |     3 |     4 ||     8
 Stab: Sleeping          |       |     1 |     1 |       |       ||     2
       Distracted        |       |       |     1 |       |       ||     1
       Invisible         |       |       |       |     3 |       ||     3
  Eat: Chunk             |    15 |    22 |    42 |    44 |    74 ||   197
       Fruit             |       |       |     1 |       |       ||     1

Vault maps used:
D:1:      tarquinn_simple_flora_water_a
D:3:      hex_intersection, hangedman_decor_push
D:4:      nicolae_overflow_hidden_temple, serial_shops, kennysheep_little_box,
          kennysheep_mini_moat, shop, shop, first_bread, grunt_dithmenos_smoke,
          uniq_eustachio
D:5:      corexii_shack_village, vehumet_altar_wand_db, serial_shops,
          nicolae_shop_stone, uniq_crazy_yiuf_cottage
D:6:      lemuel_round_altar, grunt_decor_one_mirror
D:7:      old_standard_altar, nicolae_qazlal_general_emergency,
          minmay_temple_entry_glassed_door
D:8:      hangedman_ru_absence, erik_lair_boring, hangedman_ranch,
          corexii_corridor_pit
D:9:      david_orc_2, serial_shops, nicolae_shop_statue_plus,
          lightli_corner_chamber
D:10:     grunt_ministairs_5, grunt_decor_resistance, minmay_unpleasant_kobolds,
          uniq_harold, uniq_joseph, uniq_urug
D:11:     serial_shops, shop, grunt_ministairs_12, corexii_checkpoint_a
D:12:     uniq_sonja, uniq_maurice
D:13:     lemuel_upstairs_altar, basic_altar, nicolae_trove_entry_crystal,
          uniq_erica
D:14:     david_vaults_5, abandoned_shop
D:15:     hangedman_depths_entry_civil_slaughter, minmay_misc_feat_enclosed,
          tso_altar
Temple:   water_room_temple_b_12
Lair:1:   beast_lair_carwin_10
Lair:2:   grunt_megastairs_3, uniq_fannar
Lair:3:   serial_bayou_shore_a
Lair:4:   guppyfry_snake_entry_island
Lair:5:   swamp_mist, grunt_megastairs_4, uniq_snorg, uniq_nergalle
Lair:6:   serial_bayou_pond_a
Lair:7:   boulder_quad_collide, slime_altar_2
Lair:8:   grunt_lair_end_beastmaster, lemuel_old_faithful
Snake:1:  uniq_aizul, uniq_agnes
Snake:2:  basic_stair_grate_trap, uniq_vashnia
Orc:1:    basic_altar, nicolae_for_you_no_charge
Orc:3:    basic_altar, nicolae_orc_pool_cavern, trog_hazing_becter
Orc:4:    st_orc_pillars, bloody_makhleb

Notes
Turn   | Place    | Note
--------------------------------------------------------------
     0 | D:1      | Sixotanaka, the Troll Warper, began the quest for the Orb.
     0 | D:1      | Reached XP level 1. HP: 19/19 MP: 2/2
   231 | D:1      | Reached XP level 2. HP: 25/27 MP: 2/2
   426 | D:1      | Reached skill level 3 in Unarmed Combat
   593 | D:1      | Reached XP level 3. HP: 33/33 MP: 3/3
   987 | D:2      | Reached skill level 4 in Unarmed Combat
  1044 | D:2      | Reached XP level 4. HP: 41/41 MP: 4/4
  1565 | D:3      | Learned a level 2 spell: Blink
  2218 | D:4      | Found Vosoekle's Book Shoppe.
  2241 | D:4      | Reached skill level 5 in Unarmed Combat
  2353 | D:4      | Noticed Eustachio
  2381 | D:4      | Reached XP level 5. HP: 33/48 MP: 4/4
  2447 | D:4      | Killed Eustachio
  2447 | D:4      | Reached skill level 6 in Unarmed Combat
  2447 | D:4      | Reached XP level 6. HP: 34/55 MP: 5/5
  2534 | D:4      | Found Tiniaq's Armour Boutique.
  2749 | D:4      | Found a bloodstained altar of Trog.
  2750 | D:4      | Found an opulent altar of Gozag.
  2785 | D:4      | Found a shadowy altar of Dithmenos.
  2826 | D:4      | Found Yhum's Assorted Antiques.
  3075 | D:4      | Found Seoqiu's Antique Weapon Shoppe.
  3296 | D:5      | Entered Level 5 of the Dungeon
  3305 | D:5      | Noticed Crazy Yiuf
  3312 | D:5      | Killed Crazy Yiuf
  3312 | D:5      | Reached skill level 7 in Unarmed Combat
  3349 | D:5      | HP: 9/55 [ogre/giant club (28)]
  3525 | D:5      | Reached XP level 7. HP: 47/62 MP: 5/5
  3706 | D:5      | Reached skill level 8 in Unarmed Combat
  3867 | D:5      | Found Apoiddoq's Food Boutique.
  4580 | D:5      | Found a radiant altar of Vehumet.
  4803 | D:5      | Reached skill level 9 in Unarmed Combat
  4906 | D:6      | Reached XP level 8. HP: 63/70 MP: 6/6
  4948 | D:6      | Learned a level 2 spell: Shroud of Golubria
  4953 | D:6      | Learned a level 4 spell: Passage of Golubria
  5264 | D:6      | Reached skill level 10 in Unarmed Combat
  6023 | D:6      | Found a deep blue altar of Sif Muna.
  6094 | D:7      | Reached skill level 11 in Unarmed Combat
  6230 | D:7      | HP: 15/70 [orc warrior/short sword (13)]
  6522 | D:7      | Reached XP level 9. HP: 67/76 MP: 7/7
  6592 | D:7      | Found a staircase to the Ecumenical Temple.
  6603 | Temple   | Entered the Ecumenical Temple
  6619 | Temple   | Became a worshipper of Cheibriados the Contemplative
  6697 | D:7      | Reached skill level 12 in Unarmed Combat
  6812 | D:7      | Found a glowing silver altar of Zin.
  6837 | D:7      | Found a stormy altar of Qazlal.
  7140 | D:8      | Found a staircase to the Lair.
  7294 | D:8      | Reached skill level 13 in Unarmed Combat
  7437 | D:8      | HP: 19/76 [boring beetle (25)]
  7830 | D:8      | Found a sacrificial altar of Ru.
  7984 | D:8      | Reached XP level 10. HP: 69/85 MP: 7/7
  7987 | D:8      | Reached skill level 14 in Unarmed Combat
  7990 | D:8      | Reached skill level 2 in Dodging
  8048 | D:8      | Noticed a three-headed hydra
  8056 | D:8      | Killed a six-headed hydra
  8056 | D:8      | Reached skill level 4 in Dodging
  8064 | D:8      | Acquired Cheibriados' first power
  8404 | D:8      | Reached skill level 5 in Dodging
  8445 | Lair:1   | Entered Level 1 of the Lair of Beasts
  8566 | Lair:1   | Reached skill level 1 in Invocations
  8686 | Lair:1   | Acquired Cheibriados' second power
  8757 | Lair:1   | Reached skill level 6 in Dodging
  8757 | Lair:1   | Reached skill level 2 in Invocations
  8922 | Lair:1   | Reached skill level 3 in Invocations
  8934 | Lair:1   | HP: 21/85 [wolf (2)]
  8939 | Lair:1   | Reached skill level 7 in Dodging
  8939 | Lair:1   | Reached XP level 11. HP: 22/92 MP: 9/10
  9406 | Lair:2   | Noticed Fannar
  9462 | Lair:2   | Killed Fannar
  9505 | Lair:2   | Noticed a catoblepas
  9647 | Lair:2   | Noticed a four-headed hydra
  9663 | Lair:2   | Killed a six-headed hydra
  9663 | Lair:2   | Acquired Cheibriados' third power
  9663 | Lair:2   | Reached skill level 4 in Invocations
  9691 | Lair:2   | Reached skill level 8 in Dodging
 10274 | Lair:2   | Reached skill level 5 in Invocations
 10294 | Lair:2   | Reached skill level 9 in Dodging
 10952 | Lair:3   | Reached skill level 6 in Invocations
 11337 | Lair:3   | Reached XP level 12. HP: 100/100 MP: 18/18
 11791 | Lair:4   | Reached skill level 10 in Dodging
 11823 | Lair:4   | Killed a catoblepas
 12269 | Lair:4   | Found a staircase to the Snake Pit.
 12309 | Lair:4   | Reached skill level 7 in Invocations
 13189 | Lair:5   | Reached skill level 11 in Dodging
 13314 | Lair:5   | Noticed a seven-headed hydra
 13326 | Lair:5   | Noticed Snorg
 13337 | Lair:5   | Killed Snorg
 13609 | Lair:5   | Found a staircase to the Swamp.
 13625 | Lair:5   | Noticed a five-headed hydra
 13730 | Lair:5   | Reached skill level 8 in Invocations
 13830 | Lair:5   | Killed a seven-headed hydra
 14377 | Lair:6   | Reached skill level 12 in Dodging
 14672 | Lair:6   | Reached XP level 13. HP: 104/106 MP: 21/21
 14832 | Lair:7   | You fall through a shaft!
 14832 | Lair:8   | Entered Level 8 of the Lair of Beasts
 15092 | Lair:7   | Found a runed door.
 15093 | Lair:7   | Found a viscous altar of Jiyva.
 15095 | Lair:7   | Noticed an azure jelly
 15098 | Lair:7   | Found a staircase to the Slime Pits.
 15256 | Lair:7   | Reached skill level 13 in Dodging
 16106 | Lair:8   | HP: 24/106 [death yak (15)]
 16245 | Lair:8   | Reached skill level 14 in Dodging
 16727 | Lair:8   | HP: 23/106 [komodo dragon (13)]
 17232 | Lair:8   | Reached XP level 14. HP: 94/114 MP: 21/21
 17275 | Lair:8   | Learned a level 5 spell: Phase Shift
 17433 | Lair:6   | Noticed a four-headed hydra
 17467 | Lair:6   | Killed a four-headed hydra
 17645 | Lair:5   | Noticed Nergalle
 17660 | Lair:5   | Killed Nergalle
 18097 | D:9      | Found a staircase to the Orcish Mines.
 18343 | D:9      | Reached skill level 15 in Dodging
 18548 | D:9      | Found Cucaosey's Antique Weapon Boutique.
 18645 | Orc:1    | Entered Level 1 of the Orcish Mines
 19549 | Orc:3    | Reached skill level 2 in Fighting
 19670 | Orc:3    | Found a bloodstained altar of Trog.
 19799 | Orc:4    | Entered Level 4 of the Orcish Mines
 19825 | Orc:4    | Reached skill level 1 in Throwing
 19850 | Orc:4    | Found a staircase to the Elven Halls.
 19902 | Orc:4    | Found a burning altar of Makhleb.
 20118 | Orc:4    | Reached skill level 3 in Fighting
 20128 | Orc:4    | Reached skill level 2 in Throwing
 20204 | Orc:4    | HP: 29/120 [orc knight/enchanted long sword (5)]
 20277 | Orc:4    | Reached skill level 3 in Throwing
 20285 | Orc:4    | Reached skill level 4 in Fighting
 20542 | Orc:4    | Found Jikkeb's Food Boutique.
 20542 | Orc:4    | Found Kluat's Food Shop.
 20542 | Orc:4    | Found Olun's Distillery.
 20543 | Orc:4    | Found Qucot's Food Shop.
 20553 | Orc:4    | Bought a potion of curing for 48 gold pieces
 20553 | Orc:4    | Bought a potion of curing for 48 gold pieces
 20553 | Orc:4    | Bought a potion of might for 64 gold pieces
 20553 | Orc:4    | Bought a potion of heal wounds for 80 gold pieces
 20553 | Orc:4    | Bought a potion of heal wounds for 80 gold pieces
 20553 | Orc:4    | Bought a potion of curing for 48 gold pieces
 20553 | Orc:4    | Bought a potion of curing for 48 gold pieces
 20553 | Orc:4    | Bought 3 potions of heal wounds for 240 gold pieces
 20553 | Orc:4    | Bought a potion of curing for 48 gold pieces
 20654 | D:10     | Entered Level 10 of the Dungeon
 20692 | D:10     | Noticed Urug
 20703 | D:10     | Noticed Harold
 20703 | D:10     | Killed Urug
 20703 | D:10     | Reached skill level 4 in Throwing
 20713 | D:10     | Killed Harold
 20874 | D:10     | Noticed Joseph
 20884 | D:10     | Killed Joseph
 20946 | D:10     | Reached skill level 5 in Fighting
 21309 | D:11     | Reached skill level 5 in Throwing
 21323 | D:11     | HP: 16/127 [white ugly thing (46)]
 21596 | D:11     | Found Downyato's Weapon Boutique.
 21688 | D:11     | Reached skill level 6 in Throwing
 22619 | D:12     | Noticed Sonja
 22689 | D:12     | Noticed Maurice
 22695 | D:12     | Killed Maurice
 22863 | D:13     | Noticed Erica
 22869 | D:13     | Killed Erica
 22869 | D:13     | Reached skill level 7 in Throwing
 22997 | D:13     | Found a sacrificial altar of Ru.
 23617 | D:13     | Reached skill level 8 in Throwing
 23622 | D:13     | Found a portal to a secret trove of treasure.
 23681 | D:13     | Reached skill level 1 in Armour
 23685 | D:13     | Reached XP level 15. HP: 133/133 MP: 22/22
 23933 | D:14     | Reached skill level 2 in Armour
 23942 | D:15     | Entered Level 15 of the Dungeon
 23983 | D:14     | You fall through a shaft!
 23983 | D:15     | Found a glowing golden altar of the Shining One.
 23996 | D:14     | Reached skill level 3 in Armour
 24042 | D:14     | Reached skill level 4 in Armour
 24308 | D:14     | Reached skill level 5 in Armour
 24497 | D:14     | Found a gate to the Vaults.
 24638 | D:15     | Reached skill level 6 in Armour
 24655 | D:15     | Paralysed by an orc sorcerer for 5 turns
 24673 | D:15     | Found a staircase to the Depths.
 24959 | D:15     | Reached skill level 7 in Armour
 25666 | Snake:1  | Entered Level 1 of the Snake Pit
 25761 | Snake:1  | Noticed Agnes
 25768 | Snake:1  | Killed Agnes
 25829 | Snake:1  | Noticed Aizul
 25847 | Snake:1  | Killed Aizul
 25847 | Snake:1  | Reached skill level 8 in Armour
 26441 | Snake:2  | Noticed Vashnia
 26457 | Snake:2  | HP: 14/133 [Vashnia/arrow (24)]
 26458 | Snake:2  | Shot with an arrow by Vashnia

Vanquished Creatures
  Agnes (Snake:1)
  Aizul (Snake:1)
  A stone giant (Orc:3)
  An ettin (D:15)
  Snorg (Lair:5)
  A vault guard (D:14)
  3 slime creatures (D:14)
  Fannar (Lair:2)
  10 hydras
  Harold (D:10)
  A centaur warrior (D:14)
  3 death yaks (Lair:8)
  Erica (D:13)
  4 ogre magi
  2 tengu warriors (D:15)
  A deep troll shaman (Lair:8)
  5 orc high priests (Orc:4)
  A naga sharpshooter (Snake:2)
  Urug (D:10)
  3 catoblepae
  Nergalle (Lair:5)
  2 sun demons (Orc:4)
  A fire crab (Lair:8)
  A soul eater (Orc:4)
  A hill giant (D:12)
  5 orc knights (Orc:4)
  2 mana vipers (Snake:1)
  2 salamanders (Snake:1)
  6 ugly things
  A lindwurm (Lair:8)
  2 unseen horrors
  A griffon (D:14)
  4 cyclopes
  15 elephants
  2 centaur zombies
  Maurice (D:12)
  An orc sorcerer (D:15)
  Joseph (D:10)
  A rust devil (Orc:4)
  7 black mambas
  10 spiny frogs
  A naga mage (Snake:1)
  A gargoyle (D:12)
  A kobold demonologist (D:13)
  An efreet (D:13)
  6 komodo dragons
  3 yaktaurs (D:15)
  2 tengu conjurers
  2 fire drakes (Lair:4)
  7 two-headed ogres
  2 ravens (D:13)
  4 trolls
  19 blink frogs
  2 trapdoor spiders
  2 trapdoor spider zombies
  A centaur simulacrum (D:15)
  6 basilisks
  3 deep elf magi
  4 wyverns
  Eustachio (D:4)
  23 yaks
  A chaos spawn (Orc:4)
  17 hippogriffs
  A wraith (D:14)
  4 hungry ghosts
  A steam dragon (D:11)
  7 vampire mosquitoes (D:15)
  37 wolves
  2 mottled dragons
  4 nagas
  2 wargs
  23 water moccasins
  26 orc warriors
  15 porcupines
  2 sky beasts
  2 wasps
  An ice beast (D:7)
  15 ogres
  A black bear (Lair:8)
  2 boring beetles (D:8)
  7 centaurs
  4 phantoms
  2 necrophages
  13 crocodiles
  7 big kobolds
  16 giant frogs
  A gnoll sergeant (D:7)
  4 scorpions
  8 wights
  11 killer bees
  4 giant frog zombies
  32 orc priests
  13 hounds
  8 centaur skeletons
  A goliath beetle (D:10)
  14 iguanas
  4 crimson imps
  2 giant frog skeletons
  6 jellies
  A gnoll shaman (D:10)
  Crazy Yiuf (D:5)
  24 orc wizards
  12 worker ants
  30 sheep
  2 hound skeletons
  2 mummies
  9 gnolls
  98 river rats
  A shadow imp (Orc:4)
  31 adders
  2 giant mites
  2 worms (D:2)
  2 oozes
  128 orcs
  2 ball pythons
  12 bats
  3 bat skeletons
  6 giant cockroaches
  27 hobgoblins
  2 jackals (D:3)
  20 quokkas
  A ball python zombie (D:5)
  5 giant geckos
  A giant gecko skeleton (D:6)
  6 giant newts
  21 goblins
  2 jackal skeletons (D:5)
  A jackal zombie (D:8)
  35 kobolds
  2 quokka zombies
  23 rats
  12 ballistomycetes (D:6)
  3 plants (Lair:3)
1050 creatures vanquished.

Vanquished Creatures (others)
  A water elemental (D:14)
  A worker ant (D:13)
  An adder (Lair:8)
  A quokka (Lair:2)
  A giant spore (D:6)
  A ballistomycete (D:6)
  13 fungi (Lair:8)
  10 plants
29 creatures vanquished.

Grand Total: 1079 creatures vanquished
